 Dungeon Crawl Stone Soup version 0.30-a0-4-ga7cffc901d (webtiles) character file.

Game seed: 6939296824005851112

614 Sobieck the Ruffian (level 7, -9/60 HPs)
             Began as a Ghoul Gladiator on Aug 21, 2022.
             Mangled by Menkaure (16 damage)
             ... on level 5 of the Dungeon.
             The game lasted 00:12:00 (5032 turns).

Sobieck the Ruffian (Ghoul Gladiator)               Turns: 5032, Time: 00:12:01

Health: -9/60      AC: 10    Str: 20    XL:     7   Next: 44%
Magic:  6/6        EV:  8    Int:  3    God:
Gold:   152        SH:  0    Dex: 10    Spells: 6/6 levels left

rFire   . . .      SeeInvis .      - Unarmed
rCold   + . .      Faith    .    (no shield)
rNeg    + + +      Spirit   .    x - +0 chain mail
rPois   ∞          Reflect  .    i - +0 helmet
rElec   .          Harm     .    (no cloak)
rCorr   .          Rampage  .    (no gloves)
Will    .....                    (no boots)
Stlth   ..........               (no amulet)
HPRegen 0.00/turn                (no ring)
MPRegen 0.10/turn                (no ring)

@: inhibited regen
A: claws 1, cold resistance 1, negative energy resistance 3, inhibited
regeneration, torment resistance 2, devour on kill
a: no special abilities


You were on level 5 of the Dungeon.
You visited 1 branch of the dungeon, and saw 5 of its levels.

You collected 242 gold pieces.
You spent 90 gold pieces at shops.


Innate Abilities, Weirdness & Mutations

You are immune to poison.
You have sharp fingernails.
Your flesh is cold resistant. (rC+)
You are immune to negative energy. (rN+++)
You do not regenerate when monsters are visible.
You are immune to unholy pain and torment.
You thrive by killing the living.


   Skills:
 + Level 4.5 Fighting
 - Level 1.7 Throwing
 - Level 3.0 Armour
 - Level 2.6 Dodging
 - Level 4.0 Stealth
 * Level 5.7 Unarmed Combat
 + Level 1.3 Evocations


You had 6 spell levels left.
You didn't know any spells.
Your spell library contained the following spells:

 Spells                   Type           Power      Damage    Failure   Level
 Apportation              Tloc           0%         N/A       100%        1
 Necrotise                Necr           0%         1d4       100%        1
 Summon Small Mammal      Summ           0%         N/A       100%        1

Inventory:

Hand Weapons
 b - a +0 sling
   (You found it on level 1 of the Dungeon)
 r - a +2 dagger of draining {short}
   (You took it off a kobold on level 3 of the Dungeon)
 v - a +3 vorpal hand axe {axe}
   (You took it off Terence on level 3 of the Dungeon)
 B - the +9 dagger "Exziph" {vorpal, Fragile rC+ Dex+5, short}
   (You found it on level 4 of the Dungeon)

   It inflicts extra damage upon your enemies.
   Dex:       It affects your dexterity (+5).
   rC:        It protects you from cold.
   Fragile:   It will be destroyed if unequipped.
Missiles
 c - 3 throwing nets {=f!fthrowing}
 d - a javelin {throwing}
 f - 29 stones {throwing}
 y - 6 poisoned darts {throwing}
Armour
 a - a +0 leather armour
 h - a +0 ring mail
   (You found it on level 1 of the Dungeon)
 i - a +0 helmet (worn)
 k - a +0 scale mail
   (You took it off Terence on level 3 of the Dungeon)
 m - a +0 robe
   (You found it on level 2 of the Dungeon)
 n - a +0 chain mail
   (You found it on level 2 of the Dungeon)
 o - a +0 robe
   (You found it on level 4 of the Dungeon)
 s - a +0 scale mail
   (You found it on level 3 of the Dungeon)
 u - a +0 robe
   (You found it on level 3 of the Dungeon)
 x - a +0 chain mail (worn)
   (You took it off an orc on level 3 of the Dungeon)
 C - a +0 ring mail
   (You took it off an orc on level 3 of the Dungeon)
 E - a +0 leather armour
   (You took it off an orc priest on level 4 of the Dungeon)
 F - a +0 robe
   (You took it off an orc wizard on level 4 of the Dungeon)
 H - a +0 robe
   (You took it off an orc wizard on level 5 of the Dungeon)
 I - a +0 leather armour
   (You found it on level 5 of the Dungeon)
 J - a +0 leather armour
   (You took it off an orc on level 5 of the Dungeon)
Jewellery
 j - a +6 ring of dexterity
   (You found it on level 1 of the Dungeon)
 D - a +6 ring of dexterity
   (You found it on level 4 of the Dungeon)
Wands
 G - a wand of iceblast (8)
   (You found it on level 5 of the Dungeon)
Scrolls
 e - a scroll of poison
 g - a scroll of blinking {!r}
 l - a scroll of amnesia
 p - a scroll of fear
 q - 2 scrolls of teleportation {@r4}
Potions
 t - a potion of attraction {unknown}
 w - 3 potions of curing {@q1}
 z - a potion of heal wounds {@q2}
 A - 2 potions of flight

Dungeon Overview and Level Annotations

Branches:
Dungeon (5/15) Zot: 24980
 Temple: D:4-7

Altars:

Shops:
D:1 ?**

Annotations:
D:2 Sigmund
D:4 Pikel
D:5 Menkaure

..##.....####.#.########
...............##
#####..............#
#..................#
.......>...........######
#).....................
#.#####.........######.
#### ####.>.......# ....
##.†@M........#
#.##..##..##.........#
#........###............
....###### #..........##
. #.#####...## #.# #.#.#
#.. .#... #.. #. .. #..


You could see Menkaure.


Message History

You scratch the lemure. The lemure hits you but does no damage.
You barely miss the lemure. The lemure barely misses you.
You scratch the lemure but do no damage.
Your claw misses the lemure. The lemure hits you but does no damage.
You closely miss the lemure. The lemure barely misses you.
You scratch the lemure but do no damage.
The lemure hits you.
You barely miss the lemure. You barely miss the lemure.
The lemure closely misses you.
You claw the lemure! The lemure closely misses you.
You scratch the lemure but do no damage.
The lemure hits you but does no damage.
You scratch the lemure.
You kill the lemure!
That felt strangely unrewarding.
Items here: )) ÷÷.
H - a +0 robe You see here a +0 dagger {short}.
You start resting.
Unknown command.
You pick up a book of Cantrips and begin reading...
Unfortunately, you learned nothing new.
Found a stone staircase leading down.
I - a +0 leather armour Unknown command.
An orc comes into view. It is wielding a +0 war axe.
The orc shouts!
Danger!
A necrophage comes into view.
The orc hits you with a +0 war axe.
You closely miss the orc. You claw the orc, but do no damage.
The orc hits you with a +0 war axe.
You barely miss the necrophage. The necrophage barely misses you.
The orc hits you with a +0 war axe.
You barely miss the necrophage. The necrophage hits you.
The orc hits you but does no damage.
You scratch the necrophage but do no damage.
The orc barely misses you.
The necrophage hits you but does no damage.
You claw the necrophage! Your claw misses the necrophage.
The necrophage closely misses you. The orc hits you with a +0 war axe.
The orc attacks as you move away! The orc misses you.
You closely miss the orc. You claw the orc, but do no damage.
The orc hits you with a +0 war axe.
You claw the orc!
You kill the orc!
You feel better.
You scratch the necrophage. You barely miss the necrophage.
The necrophage hits you.
You scratch the necrophage.
The necrophage hits you but does no damage.
You barely miss the necrophage. The necrophage hits you.
You claw the necrophage!
You destroy the necrophage!
Your Evocations skill increases to level 1!
J - a +0 leather armour You see here a +0 war axe {axe}.
Unknown command.
Unknown command.
You start resting.
An iguana comes into view.
Danger!
Unknown command.
Unknown command.
You start resting.
An iguana is nearby!
Danger!
Unknown command.
The iguana hisses angrily.
You start resting.
An iguana is nearby!
Danger!
The iguana bites you but does no damage.
You completely miss the iguana.
The iguana bites you but does no damage.
You scratch the iguana but do no damage.
The iguana bites you but does no damage.
You scratch the iguana. The iguana barely misses you.
You closely miss the iguana. The iguana barely misses you.
You scratch the iguana. Your claw misses the iguana.
The iguana bites you but does no damage.
You scratch the iguana. You scratch the iguana.
You kill the iguana!
Menkaure, Prince of Dust comes into view.
You see here an iguana corpse.
Danger!
Menkaure shouts!
You see here a +0 war axe {axe}.
Unknown command.
You scratch Menkaure but do no damage. Menkaure hits you but does no damage.
You barely miss Menkaure. You claw Menkaure! Menkaure hits you.
You barely miss Menkaure. Menkaure hits you!
* * * LOW HITPOINT WARNING * * *
You claw Menkaure! Menkaure hits you.
* * * LOW HITPOINT WARNING * * *
You barely miss Menkaure. You scratch Menkaure. Menkaure hits you!
* * * LOW HITPOINT WARNING * * *
You barely miss Menkaure. Menkaure hits you!
You die...

Skill      XL: |  1  2  3  4  5  6  7 |
---------------+----------------------+-----
Stealth        | 1 2 4 |  4.0
Unarmed Combat | 4 5 |  5.7
Armour         | 1 2 3 |  3.0
Fighting       | 3 4 |  4.5
Evocations     | 1 |  1.3
Throwing       | |  1.7
Dodging        | |  2.6

Action                   |  1- 3 |  4- 6 |  7- 9 || total
-------------------------+-------+-------+-------++-------
Melee: Unarmed           |    65 |   151 |    52 ||   268
       Punch             |     4 |     1 |     3 ||     8
 Fire: Sling             |    32 |    59 |       ||    91
  Use: Scroll            |     2 |     6 |       ||     8
       Potion            |       |     4 |       ||     4
 Stab: Sleeping          |       |     1 |       ||     1
Armor: Leather armour    |    19 |    29 |       ||    48
       Chain mail        |       |       |    17 ||    17
Dodge: Dodged            |    29 |    87 |    14 ||   130

Levels and vault maps discovered:
D:1:      dpeg_arrival_stonehenge_8_columns, layout_basic, serial_shops,
          nicolae_diamond_shop, nicolae_shop_stone, nicolae_lakefront_shop
D:2:      layout_loops_corners, dilly_ecumenical_altar_fadedgnrine,
          nicolae_kite_square_tiling_tiny, roderic_roman_lattice,
          minmay_gold_behind_fungi, uniq_sigmund, uniq_natasha
D:3:      layout_basic, amcnicky_mini_pool_small, uniq_terence
D:4:      layout_rooms, grunt_temple_overflow_diamond, corexii_shack, uniq_pikel
D:5:      layout_rooms, mainiacjoe_overflow_six_doors_small, uniq_menkaure

Notes
Turn   | Place    | Note
-------+----------+-------------------------------------------
     0 | D:1      | Sobieck the Ghoul Gladiator began the quest for the Orb.
     0 | D:1      | Reached XP level 1. HP: 17/17 MP: 0/0
   121 | D:1      | Found Xuxtyag's General Store.
   200 | D:1      | Found Vepupab's General Store.
   210 | D:1      | Reached XP level 2. HP: 14/25 MP: 1/1
   722 | D:1      | Reached skill level 1 in Stealth
   818 | D:1      | Found Foicepn's Magic Scroll Shoppe.
  1031 | D:2      | Reached XP level 3. HP: 22/30 MP: 2/2
  1338 | D:1      | Bought a scroll of identify for 20 gold pieces
  1441 | D:2      | Reached skill level 4 in Unarmed Combat
  1478 | D:2      | Reached skill level 1 in Armour
  1548 | D:2      | Noticed Natasha
  1570 | D:2      | Killed Natasha
  1571 | D:2      | Reached XP level 4. HP: 25/37 MP: 3/3
  1742 | D:2      | Noticed Sigmund
  1904 | D:2      | Reached skill level 3 in Fighting
  2131 | D:2      | Found a faded altar of an unknown god.
  2460 | D:2      | Noticed Natasha
  2478 | D:2      | Killed Natasha
  2479 | D:2      | Reached skill level 2 in Stealth
  2535 | D:1      | Bought a scroll of fear for 40 gold pieces
  2535 | D:1      | Bought a scroll of teleportation for 30 gold pieces
  2807 | D:3      | Reached XP level 5. HP: 45/45 MP: 4/4
  2926 | D:3      | Noticed Terence
  2938 | D:3      | HP: 10/45 [Terence/+3 vorpal hand axe (5)]
  2939 | D:3      | HP: 3/45 [Terence/+3 vorpal hand axe (6)]
  2939 | D:3      | HP: 1/45 [Terence/+3 vorpal hand axe (2)]
  2947 | D:3      | HP: 7/45 [Terence/+3 vorpal hand axe (7)]
  2953 | D:3      | HP: 10/45 [Terence/+3 vorpal hand axe (3)]
  2954 | D:3      | Killed Terence
  3433 | D:3      | You pick up a book of Cantrips and begin reading...
  3433 | D:3      | You add the spells Necrotise, Summon Small Mammal and
                  | Apportation to your library.
  3777 | D:3      | Reached skill level 2 in Armour
  3777 | D:3      | Reached skill level 5 in Unarmed Combat
  3812 | D:4      | Noticed a lemure
  3813 | D:4      | Noticed Pikel
  4064 | D:4      | Identified the +9 dagger "Exziph" {vorpal, Fragile rC+
                  | Dex+5}
  4247 | D:4      | Reached XP level 6. HP: 52/52 MP: 5/5
  4297 | D:4      | Reached skill level 3 in Stealth
  4300 | D:4      | Reached skill level 4 in Fighting
  4460 | D:5      | Entered Level 5 of the Dungeon
  4507 | D:5      | Noticed an ice beast
  4526 | D:5      | Reached skill level 3 in Armour
  4526 | D:5      | Reached skill level 4 in Stealth
  4611 | D:4      | Reached XP level 7. HP: 44/59 MP: 6/6
  4932 | D:5      | You pick up a book of Cantrips and begin reading...
  4967 | D:5      | Reached skill level 1 in Evocations
  5023 | D:5      | Noticed Menkaure
  5031 | D:5      | HP: 7/60 [Menkaure (15)]
  5032 | D:5      | Mangled by Menkaure

Vanquished Creatures
  An ice beast (D:4)
  A lemure (D:5)
  A necrophage (D:5)
  A jelly (D:5)
  A hound (D:3)
  3 orc priests
  2 orc wizards
  Terence (D:3)
  2 iguanas
  Natasha (twice) (D:2)
  5 adders
  2 ufetubi (D:4)
  A worm (D:3)
  2 dart slugs
  6 orcs
  8 ball pythons
  A bat (D:2)
  8 endoplasms
  A giant cockroach (D:2)
  3 goblins
  3 hobgoblins
  9 jackals
  6 quokkas
  3 frilled lizards
  5 kobolds
  8 rats
86 creatures vanquished.

Vanquished Creatures (others)
  11 fungi (D:2)
  5 toadstools (D:2)
16 creatures vanquished.

Grand Total: 102 creatures vanquished

Table legend:
 A = Non-vault XP
 B = Vault XP
 C = Vault XP percentage of total XP
 D = Non-vault monster count
 E = Vault monster count
 F = Vault count percentage of total count
                 A         B        C        D         E       F
            +---------+---------+-------+---------+---------+-------
      Total |     808 |      70 |   8.0 |      82 |       3 |   3.5
            +---------+---------+-------+---------+---------+-------
        D:1 |      28 |       0 |   0.0 |      19 |       0 |   0.0
        D:2 |      95 |      33 |  25.8 |      22 |       1 |   4.3
        D:3 |     108 |      36 |  25.0 |      19 |       1 |   5.0
        D:4 |     313 |       1 |   0.3 |      14 |       1 |   6.7
        D:5 |     264 |       0 |   0.0 |       8 |       0 |   0.0
            +---------+---------+-------+---------+---------+-------

Illustrated notes

Table legend:
 A = Kills in this place as a percentage of kills in entire the game.
 B = Kills by you in this place as a percentage of kills by you in the entire game.
 C = Kills by friends in this place as a percentage of kills by friends in the entire game.
 D = Other kills in this place as a percentage of other kills in the entire game.
 E = Experience gained in this place as a percentage of experience gained in the entire game.
 F = Experience gained in this place divided by the number of levels of this place that you have seen.
                   A       B       C       D       E      F
               +-------+-------+-------+-------+-------+----------------------
         Total | 100.0 | 100.0 |   N/A |   N/A | 100.0 | 175.6
       Dungeon | 100.0 | 100.0 |   N/A |   N/A | 100.0 | 175.6
               +-------+-------+-------+-------+-------+----------------------

Table legend: (Time is in decaauts)
 A = Elapsed time spent in this place.
 B = Non-inter-level travel time spent in this place.
 C = Inter-level travel time spent in this place.
 D = Time resting spent in this place.
 E = Time spent auto-exploring this place.
 F = Levels seen in this place.
 G = Mean time per level.
                   A        B        C        D        E       F      G
               +--------+--------+--------+--------+--------+-----+--------+
         Total |   5018 |   4709 |    309 |   1304 |   2350 |   5 | 1003.6 |
       Dungeon |   5018 |   4709 |    309 |   1304 |   2350 |   5 | 1003.6 |
               +--------+--------+--------+--------+--------+-----+--------+

Top non-repeatable levels by time:
     D:2: 1439 daAuts
     D:3: 1337 daAuts
     D:1: 1264 daAuts
     D:4: 649 daAuts
     D:5: 328 daAuts
